 Dungeon Crawl Stone Soup version 0.17-a0-1115-g0372368 (webtiles) character file.

1593 futacatgirl the Covert (level 8, -3/62 HPs)
             Began as a Naga Enchanter on May 23, 2015.
             Killed from afar by an orc wizard (7 damage)
             ... with a magic dart
             ... on level 6 of the Dungeon.
             The game lasted 00:41:30 (7156 turns).

futacatgirl the Covert (Naga Enchanter)             Turns: 7156, Time: 00:41:30

Health: -3/62      AC:  5    Str: 11    XL:     8   Next: 93%
Magic:  15/20      EV:  9    Int: 17    God:
Gold:   274        SH:  0    Dex: 12    Spells: 4 memorised, 2 levels left

rFire  . . .     SeeInvis +     f - +2 dagger (elec)
rCold  . . .     Clarity  .     b - +2 robe
rNeg   . . .     SustAt   .     (no shield)
rPois  +         Gourm    .     (no helmet)
rElec  .         Spirit   .     (no cloak)
rCorr  .         Warding  .     (no gloves)
rMut   .         Stasis   .     (no barding)
MR     +....                    (no amulet)
Stlth  +++++.....               (no ring)
                                k - ring of magical power {MP+9}

@: short of breath, drained, very slow, somewhat resistant to hostile
enchantments, quite stealthy
A: see invisible, deformed body, poison resistance, slowness 2, slow metabolism
1, spit poison 2, AC +2
a: Spit Poison


You were on level 6 of the Dungeon.
You were hungry.

You visited 1 branch of the dungeon, and saw 6 of its levels.

You collected 274 gold pieces.

Inventory:

Hand weapons
 f - a +2 dagger of electrocution (weapon)
   (You took it off a goblin on level 1 of the Dungeon)
 v - a +0 blowgun
   (You took it off a kobold on level 3 of the Dungeon)
Missiles
 w - 33 poisoned needles
Armour
 b - a +2 robe (worn)
Jewellery
 k - a ring of magical power (left hand) {MP+9}
   (You found it on level 1 of the Dungeon)
Magical devices
 q - a wand of cold (7)
   (You found it on level 5 of the Dungeon)
Scrolls
 a - a scroll of recharging
 g - a scroll of enchant armour
 j - 2 scrolls of amnesia
 r - a scroll of magic mapping {!r}
Potions
 e - a potion of lignification {!q}
 h - 2 potions of curing
 i - 3 potions of flight {unknown}
 l - a potion of magic
 m - a potion of agility {unknown}
 n - a potion of mutation {unknown}
 o - a potion of cancellation
 p - a potion of poison {unknown}
 s - 3 potions of heal wounds {unknown}
 A - a potion of might {unknown}
Books
 c - a book of Maledictions
Comestibles
 d - 2 bread rations {@e1}
 z - a royal jelly
 C - a meat ration {@e2}


   Skills:
 + Level 4.6(4.0) Short Blades
 - Level 1.5(1.0) Dodging
 * Level 11.5(10.8) Stealth
 - Level 2.0(1.4) Spellcasting
 * Level 7.6(6.9) Hexes


You had 2 spell levels left.
You knew the following spells:

 Your Spells              Type           Power        Failure   Level  Hunger
a - Ensorcelled Hibernat  Hex/Ice        ##....       10%         2    ###....
b - Tukima's Dance        Hex            ###.....     4%          3    ####...
c - Confuse               Hex            ###.....     4%          3    ####...
v - Corona                Hex            ###....      1%          1    ##.....


Dungeon Overview and Level Annotations

Branches:
Dungeon (6/15)
 Temple: D:4-7

Altars:
Elyvilon
Gozag
Makhleb
Nemelex Xobeh
Xom
Yredelemnul


Innate Abilities, Weirdness & Mutations

You cannot wear boots.
Your serpentine skin is tough (AC +2).
You have supernaturally acute eyesight.
Armour fits poorly on your strangely shaped body.
Your system is resistant to poisons.
You cover ground very slowly.
You have a slow metabolism.
You can spit poison.


Message History

Read which item? (? for menu, Esc to quit)
As you read the scroll labeled BASHEG FIRA, it crumbles to dust.
You hear a loud clanging noise!
It was a scroll of noise.
You hear a shout!
The orc wizard mumbles some strange words.
The orc wizard flickers and vanishes for a moment.
The orc wizard mumbles some strange words.
The orc wizard blinks!
The jackal skeleton closely misses you. The wight barely misses you.
Read which item? (? for menu, Esc to quit)
As you read the scroll labeled DONIEH BAENN, it crumbles to dust.
The creatures around you are filled with an inner flame!
It was a scroll of immolation.
The jackal skeleton barely misses you.
Drink which item? (? for menu, Esc to quit)
You feel better.
The jackal skeleton bites you but does no damage.
The wight barely misses you.
You regained 11 hp, and now have 41/62 hp.
The jackal skeleton closely misses you.
The wight hits you from afar with an enchanted halberd.
You take 4 damage, and have 37/62 hp.
You can't do that.
Unknown command.
You can't do that.
Unknown command.
Aim: an orc wizard, wielding a dagger and wearing a robe The splash of poison hits the orc wizard.
The orc wizard appears unharmed.
You are feeling hungry.
The jackal skeleton bites you but does no damage.
The orc wizard gestures at you while chanting.
The magic dart hits you!
All of the chunks of flesh in your inventory have rotted away.
You take 9 damage, and have 28/62 hp.
Unknown command.
You can't do that yet.
Drink which item? (? for menu, Esc to quit)
Okay, then.
Drink which item? (? for menu, Esc to quit)
It was a potion of magic.
Magic courses through your body.
The jackal skeleton bites you but does no damage.
The wight hits you from afar with an enchanted halberd.
The orc wizard hits you but does no damage.
The jackal skeleton bites you.
You take 3 damage, and have 25/62 hp.
MP restored: 20
Okay, then.
Okay, then.
Unknown command.
Read which item? (? for menu, Esc to quit)
Okay, then.
Aim: a jackal skeleton (inner flame, chance to defeat MR: 71%)
The jackal skeleton appears confused.
The wight hits you from afar with an enchanted halberd.
The orc wizard points at you and mumbles some strange words.
The magic dart hits you!
You take 5 damage, and have 20/62 hp.
You now have 17/20 mp.
You barely miss the orc wizard.
The jackal skeleton bites the wight.
The wight barely misses you. The orc wizard hits you with a dagger.
* * * LOW HITPOINT WARNING * * *
You take 4 damage, and have 16/62 hp.
You barely miss the orc wizard.
The jackal skeleton barely misses the orc wizard.
You feel a bit more experienced.
The orc wizard hits you but does no damage.
You hit the orc wizard.
You have got your breath back.
The wight hits you from afar with an enchanted halberd.
* * * LOW HITPOINT WARNING * * *
The jackal skeleton misses you.
You take 4 damage, and have 12/62 hp.
Aim: an orc wizard, wielding a dagger and wearing a robe (moderately wounded, chance to defeat MR: 80%)
The dagger dances into the air!
The orc wizard hits you but does no damage.
The wight completely misses you.
The jackal skeleton bites the orc wizard.
You now have 15/20 mp.
The orc wizard gestures at you while chanting.
The magic dart hits you!
* * * LOW HITPOINT WARNING * * *
Your dagger hits the wight.
The jackal skeleton barely misses the orc wizard.
You take 8 damage, and have 4/62 hp.
Aim: an orc wizard, wearing a robe (moderately wounded)
The splash of poison misses the orc wizard. x2
You feel slightly more hungry.
Your dagger hits the wight but does no damage.
The orc wizard barely misses you.
The jackal skeleton barely misses the wight.
Read which item? (? for menu, Esc to quit)
Okay, then.
Drink which item? (? for menu, Esc to quit)
It was a potion of cancellation.
Your magical contamination has completely faded away.
You feel magically purged.
Your dagger hits the jackal skeleton but does no damage.
The orc wizard points at you and mumbles some strange words.
The magic dart hits you!
You die...

###..# #...### #.....###
#.......## ##(.......#
#.# .. .# ##Z.........#
#.# #.##.# #.z#........#
#.# .. .. ##oo####......
..# ##.# .# #@.## ######
..## #..##.# ##..#
...###.##..# #..######
....##.##.#####........#
.............)..........
............))).........
..#######.####..........
.## ###..## ##.........
## ##.....# #.........


You could see a wight (inner flame), 2 orc wizards, a jackal skeleton (inner
flame) and a friendly dagger.

Vanquished Creatures
  The ghost of futacatgirl the Sneak, an average NaWz of Cheibriados (D:4)
  Menkaure (D:5)
  A sky beast (D:5)
  A centaur (D:5)
  3 ogres
  A gnoll sergeant (D:5)
  A scorpion (D:4)
  A wight (D:6)
  A crimson imp (D:5)
  A giant frog zombie (D:3)
  An orc priest (D:4)
  2 hounds (D:5)
  A jelly (D:4)
  4 orc wizards
  4 worker ants
  6 gnolls
  4 adders
  2 shadow imps
  An adder skeleton (D:5)
  4 worms (D:2)
  4 giant geckos
  17 orcs
  A ball python (D:3)
  9 bats
  7 giant cockroaches
  9 goblins
  8 hobgoblins
  7 jackals (D:2)
  3 quokkas
  5 giant newts
  10 kobolds
  6 rats
127 creatures vanquished.

Vanquished Creatures (collateral kills)
  3 wights (D:6)
  3 gnolls (D:4)
  5 orcs
11 creatures vanquished.

Vanquished Creatures (others)
  A dancing weapon (D:4)
1 creature vanquished.

Grand Total: 139 creatures vanquished

Notes
Turn   | Place    | Note
--------------------------------------------------------------
     0 | D:1      | futacatgirl the Naga Enchanter began the quest for the Orb.
     0 | D:1      | Reached XP level 1. HP: 15/15 MP: 3/3
   516 | D:1      | Reached XP level 2. HP: 22/22 MP: 5/5
   889 | D:1      | Learned a level 2 spell: Ensorcelled Hibernation
  1004 | D:2      | Reached skill level 5 in Stealth
  1060 | D:2      | Reached XP level 3. HP: 28/28 MP: 6/6
  1190 | D:2      | HP: 7/28 [worm (10)]
  1656 | D:2      | Found an opulent altar of Gozag.
  1973 | D:2      | Found a basalt altar of Yredelemnul.
  1974 | D:2      | Found a white marble altar of Elyvilon.
  2245 | D:3      | Reached skill level 6 in Stealth
  2245 | D:3      | Reached skill level 4 in Hexes
  2245 | D:3      | Reached XP level 4. HP: 29/36 MP: 7/7
  2533 | D:3      | Found a shimmering altar of Xom.
  2731 | D:3      | Reached XP level 5. HP: 31/42 MP: 8/8
  2736 | D:3      | Learned a level 3 spell: Tukima's Dance
  3169 | D:4      | Noticed futacatgirl's ghost (average NaWz)
  3196 | D:3      | HP: 10/42 [poisoned by futacatgirl's ghost]
  3201 | D:3      | HP: 8/42 [poisoned by futacatgirl's ghost]
  3206 | D:3      | HP: 7/42 [poisoned by futacatgirl's ghost]
  3213 | D:3      | HP: 6/42 [poisoned by futacatgirl's ghost]
  3221 | D:3      | HP: 5/42 [poisoned by futacatgirl's ghost]
  3541 | D:4      | HP: 10/42 [worker ant (1)]
  3546 | D:4      | HP: 9/42 [worker ant (6)]
  3549 | D:4      | Reached skill level 2 in Short Blades
  3814 | D:4      | Noticed a phantom
  3839 | D:4      | Found a burning altar of Makhleb.
  3917 | D:4      | futacatgirl: o/
  3917 | D:4      | futacatgirl: naga caster attemt #142816829469816248612641
  3917 | D:4      | futacatgirl: tired of dying
  3917 | D:4      | futacatgirl: need a break
  3917 | D:4      | Zwobot: hey, sorry distracted and only sometimes peeking in
  3984 | D:4      | Reached skill level 7 in Stealth
  4046 | D:4      | Reached XP level 6. HP: 47/49 MP: 9/9
  4084 | D:4      | Reached skill level 5 in Hexes
  4089 | D:4      | Zwobot: poison spit~
  4234 | D:4      | futacatgirl: it fail 80% of the time
  4237 | D:4      | Zwobot: but doesn't cost anything. bind it too a macro and just use it whenever
  4252 | D:4      | futacatgirl: it cost
  4252 | D:4      | futacatgirl: TIME
  4252 | D:4      | futacatgirl: and TIME is something nagas dont have
  4461 | D:4      | Zwobot: okay, okay :3
  4505 | D:4      | Noticed an ogre
  4506 | D:4      | futacatgirl: does taikuma's work on ogreclub?
  4506 | D:4      | Zwobot: oh yes!
  4514 | D:4      | Killed an ogre
  4514 | D:4      | Reached skill level 8 in Stealth
  4515 | D:4      | futacatgirl: good old backstab
  4625 | D:4      | futacatgirl: should i learn confuse? i have hybernation allready
  4625 | D:4      | Zwobot: Oh yeah
  4625 | D:4      | Zwobot: Confuse is the workhorse of enchanters
  4625 | D:4      | futacatgirl: dont know if its useful in any way
  4625 | D:4      | Zwobot: It works on nearly everything
  4629 | D:4      | Learned a level 3 spell: Confuse
  4779 | D:4      | futacatgirl: i ahte gnolls zzz
  4779 | D:4      | futacatgirl: hate*
  4976 | D:4      | futacatgirl: brb real life reasons
  4976 | D:4      | futacatgirl: -_-
  5002 | D:4      | Reached XP level 7. HP: 44/55 MP: 10/10
  5193 | D:4      | Noticed an ogre
  5198 | D:4      | Killed an ogre
  5198 | D:4      | Reached skill level 3 in Short Blades
  5538 | D:4      | Killed futacatgirl's ghost
  5538 | D:4      | Reached skill level 9 in Stealth
  5538 | D:4      | Reached skill level 6 in Hexes
  5634 | D:5      | Entered Level 5 of the Dungeon
  5798 | D:5      | Reached XP level 8. HP: 31/62 MP: 11/11
  6184 | D:5      | Reached skill level 10 in Stealth
  6360 | D:5      | Found a sparkling altar of Nemelex Xobeh.
  6407 | D:5      | Reached skill level 4 in Short Blades
  6692 | D:5      | Reached skill level 7 in Hexes
  6819 | D:5      | Noticed Menkaure
  6820 | D:5      | Killed Menkaure
  6820 | D:5      | Reached skill level 11 in Stealth
  7152 | D:6      | HP: 12/62 [wight/enchanted halberd (4)]
  7154 | D:6      | HP: 4/62 [orc wizard/magic dart (9)]
  7156 | D:6      | Killed from afar by an orc wizard

Vault maps used:
D:1:      minmay_arrival_four_houses, nrook_mini_vaults
D:2:      nicolae_gozag_seed_capital, gammafunk_temple_overflow_statue
D:3:      nicolae_overflow_hidden_temple, lemuel_doored_altar
D:4:      kennysheep_mini_moat, first_bread, grunt_decor_fettered
D:5:      grunt_ministairs_11, nemelex_diamond_rough_becter, uniq_menkaure
D:6:      minmay_flawed_box, minmay_temple_entry_enclosed_plants,
          portal_sewer_entry_f

Action                   |  1- 3 |  4- 6 |  7- 9 || total
-------------------------+-------+-------+-------++-------
Melee: Dagger            |    99 |   105 |   123 ||   327
 Cast: Ensorcelled Hiber |     3 |    10 |    31 ||    44
       Corona            |     1 |    11 |     1 ||    13
       Tukima's Dance    |       |    16 |    12 ||    28
       Confuse           |       |     1 |    15 ||    16
 Abil: Spit Poison       |     9 |     1 |     2 ||    12
  Use: Scroll            |     5 |     4 |     6 ||    15
       Potion            |       |     1 |     3 ||     4
 Stab: Sleeping          |    12 |    10 |    21 ||    43
       Distracted        |       |     1 |     1 ||     2
       Confused          |       |       |     4 ||     4
  Eat: Chunk             |     4 |     2 |     7 ||    13
       Meat ration       |       |     1 |       ||     1
       Beef jerky        |       |     1 |       ||     1
       Bread ration      |       |       |     1 ||     1

Vault maps used:
D:1:      minmay_arrival_four_houses, nrook_mini_vaults
D:2:      nicolae_gozag_seed_capital, gammafunk_temple_overflow_statue
D:3:      nicolae_overflow_hidden_temple, lemuel_doored_altar
D:4:      kennysheep_mini_moat, first_bread, grunt_decor_fettered
D:5:      grunt_ministairs_11, nemelex_diamond_rough_becter, uniq_menkaure
D:6:      minmay_flawed_box, minmay_temple_entry_enclosed_plants,
          portal_sewer_entry_f

Table legend:
 A = Turns spent in this place as a percentage of turns spent in the entire game.
 B = Non-inter-level travel turns spent in this place as a percentage of non-inter-level travel turns spent in the entire game.
 C = Inter-level travel turns spent in this place as a percentage of turns spent in this place.
 D = Turns resting spent in this place as a percentage of non-inter-level travel turns spent in this place.
 E = Turns spent auto-exploring this place as a percentage of non-inter-level travel turns spent in this place.
 F = Non-inter-level travel turns spent in this place divided by the number of levels of this place that you've seen.
                   A       B       C       D       E      F
               +-------+-------+-------+-------+-------+----------------------
         Total | 100.0 | 100.0 |   0.9 |   3.2 |   7.0 | 336.5
       Dungeon | 100.0 | 100.0 |   0.9 |   3.2 |   7.0 | 336.5
               +-------+-------+-------+-------+-------+----------------------

Table legend:
 A = Kills in this place as a percentage of kills in entire the game.
 B = Kills by you in this place as a percentage of kills by you in the entire game.
 C = Kills by friends in this place as a percentage of kills by friends in the entire game.
 D = Other kills in this place as a percentage of other kills in the entire game.
 E = Experience gained in this place as a percentage of experience gained in the entire game.
 F = Experience gained in this place divided by the number of levels of this place that you have seen.
                   A       B       C       D       E      F
               +-------+-------+-------+-------+-------+----------------------
         Total | 100.0 | 100.0 | 100.0 | 100.0 | 100.0 | 379.5
       Dungeon | 100.0 | 100.0 | 100.0 | 100.0 | 100.0 | 379.5
               +-------+-------+-------+-------+-------+----------------------
